 Dungeon Crawl Stone Soup version 0.31-a0-865-g3d5d91748a (webtiles) character file.

Game seed: 6965958264796161523

14 kae the Vexing (level 2, 0/19 HPs)
             Began as a Demonspawn Enchanter on Oct 10, 2023.
             Slain by a gnoll
             ... wielding a +0 whip
              (6 damage)
             ... on level 1 of the Dungeon.
             The game lasted 00:00:39 (441 turns).

kae the Vexing (Demonspawn Enchanter)                Turns: 441, Time: 00:00:39

Health: 0/19       AC:  2    Str:  8    XL:     2   Next: 31%
Magic:  0/5        EV: 12    Int: 16    God:
Gold:   24         SH:  0    Dex: 13    Spells: 3/5 levels left

rFire   . . .        a - +1 dagger
rCold   . . .        (no shield)
rNeg    . . .        b - +0 robe
rPois   .            (no helmet)
rElec   .            (no cloak)
rCorr   .            (no gloves)
SInv    .            (no boots)
Will    .....        (no amulet)
Stlth   ++           (no ring)
HPRegen 0.23/turn    (no ring)
MPRegen 0.09/turn

%: no passive effects
@: no status effects
A: weakness stinger 1
a: no special abilities


You were on level 1 of the Dungeon.
You visited 1 branch of the dungeon, and saw 1 of its levels.

You collected 24 gold pieces.


Innate Abilities, Weirdness & Mutations

You have a small tail.


   Skills:
 * Level 1.3 Short Blades
 + Level 2.0 Dodging
 + Level 2.8 Stealth
 + Level 2.0 Spellcasting
 * Level 3.2 Hexes


You had 3 spell levels left.
You knew the following spells:

 Your Spells              Type           Power      Damage    Failure   Level
a - Ensorcelled Hibernat  Hex/Ice        12%        N/A       16%         2

Your spell library contained the following spells:

 Spells                   Type           Power      Damage    Failure   Level
 Confusing Touch          Hex            12%        N/A       16%         3
 Tukima's Dance           Hex            12%        N/A       16%         3
 Dazzling Flash           Conj/Hex       12%        N/A       32%         3

Inventory:

Hand Weapons
 a - a +1 dagger (weapon)
Missiles
 d - 7 stones
Armour
 b - a +0 robe (worn)
Jewellery
 I - a +6 ring of intelligence
   (You found it on level 1 of the Dungeon)
Scrolls
 e - a scroll of teleportation {unknown}
 f - 2 scrolls of immolation {!r!r}
Potions
 c - a potion of invisibility

Dungeon Overview and Level Annotations

Branches:
Dungeon (1/15) Zot: 5560

Altars:

###.##......###### #.####
#....+......# #.....
#.#.##......# #####.
#...........# #.
###.#.......# #.
######.#.r.....# #.
#......#.......# #.
#......#.#'#################.
#......#.#.g@................
#......#.####################
#......#.# #.... #......#.#
#.... ##.###.#.# #...⌠
###.##..#.## ##...
#..........K..# ####
#...#.##.#.#..#
...#..#.#.##.#


You could see a gnoll.


Message History

An endoplasm is nearby!
An endoplasm is nearby!
The helpless endoplasm fails to defend itself.
You puncture the endoplasm!
You kill the endoplasm!
f - a scroll labelled QYARIGGUH OMA You open the door.
There is an open door here.
Found a stone staircase leading down.
There is a stone staircase leading down here.
You open the door.
There is an open door here.
Found a faded altar of an unknown god.
A kobold comes into view. It is wielding a +0 dagger.
A kobold is nearby!
A kobold is nearby!
There is a faded altar of an unknown god here.
You see here a scroll of immolation {!r!r}.
f - 2 scrolls of immolation {!r!r} (gained 1)
The kobold shouts!
You hear an angry hiss.
You hear a shout!
A rat comes into view.
A ball python comes into view.
A gnoll comes into view. It is wielding a +0 whip.
A kobold comes into view. It is wielding a +0 dagger.
The gnoll closely misses you. The kobold attacks as it pursues you!
The kobold hits you but does no damage.
Casting: Ensorcelled Hibernation (safe; 16% risk of failure)
Confirm with . or Enter, or press ? or * to list all spells.
Aiming: Ensorcelled Hibernation (safe; 16% risk of failure)
Press: ? - help, Shift-Dir - straight line, f - gnoll
Aim: a gnoll, wielding a +0 whip (chance to affect: 49%)
The gnoll resists with some effort.
The gnoll barely misses you. 😎 MP[-2]
You lost 2 mp, and now have 3/5 mp.
The kobold shouts!
The gnoll attacks as it pursues you! The gnoll barely misses you.
Casting: Ensorcelled Hibernation (safe; 16% risk of failure)
Confirm with . or Enter, or press ? or * to list all spells.
Aiming: Ensorcelled Hibernation (safe; 16% risk of failure)
Press: ? - help, Shift-Dir - straight line, f/p - gnoll
Aim: a gnoll, wielding a +0 whip (chance to affect: 49%)
The gnoll resists with some effort.
The gnoll hits you with a +0 whip. 😕 HP[-4] MP[-2]
You take 4 damage, and now have 15/19 hp.
MASSIVE DAMAGE!! (PAUSE)
You lost 2 mp, and now have 1/5 mp.
Casting: Ensorcelled Hibernation (safe; 16% risk of failure)
Confirm with . or Enter, or press ? or * to list all spells.
You don't have enough magic to cast this spell.
You hit the gnoll. The gnoll closely misses you.
Okay, then.
You closely miss the gnoll. The gnoll completely misses you.
You fade into invisibility!
The gnoll hits you with a +0 whip!
Ouch! That really hurt!
* * * LOW HITPOINT WARNING * * *
😨 HP[-10]
You take 10 damage, and now have 5/19 hp.
MASSIVE DAMAGE!! (PAUSE)
You barely miss the gnoll. 😨 HP[+1] Unknown command. 😨 MP[+1] 😨 HP[+1] 😨 HP[+1]
There is an open door here.
You close the door. 😨 MP[+1] 😨 HP[+1]
You flicker for a moment. 😮 HP[+1]
You flicker back into view.
You open the door.
The gnoll shouts!
There is an open door here. 😮 HP[+2] MP[+1]
You regained 2 hp, and now have 12/19 hp.
Casting: Ensorcelled Hibernation (safe; 16% risk of failure)
Confirm with . or Enter, or press ? or * to list all spells.
Aiming: Ensorcelled Hibernation (safe; 16% risk of failure)
Press: ? - help, Shift-Dir - straight line, f/p - gnoll
Aim: a gnoll, wielding a +0 whip (lightly wounded, chance to affect: 49%)
The gnoll resists with some effort.
The gnoll completely misses you. 😮 MP[-2]
You lost 2 mp, and now have 2/5 mp.
Casting: Ensorcelled Hibernation (safe; 16% risk of failure)
Confirm with . or Enter, or press ? or * to list all spells.
Aiming: Ensorcelled Hibernation (safe; 16% risk of failure)
Press: ? - help, Shift-Dir - straight line, f/p - gnoll
Aim: a gnoll, wielding a +0 whip (lightly wounded, chance to affect: 49%)
The gnoll resists with some effort.
The gnoll hits you with a +0 whip!
* * * LOW HITPOINT WARNING * * *
😨 HP[-7] MP[-2]
You take 7 damage, and now have 5/19 hp.
MASSIVE DAMAGE!! (PAUSE)
You lost 2 mp, and now have 0/5 mp.
The gnoll attacks as it pursues you! The gnoll closely misses you. 😨 HP[+1]
The gnoll attacks as it pursues you! The gnoll hits you with a +0 whip.
You die...

Skill      XL: |  1  2 |
---------------+-------+-----
Short Blades   | 1 |  1.3
Dodging        | 2 |  2.0
Stealth        | |  2.8
Spellcasting   | |  2.0
Hexes          | |  3.2

Action                     || total
---------------------------++-------
  Melee: Dagger            ||    53
         Tailslap          ||     1
   Cast: Ensorcelled Hiber ||     4
    Use: Potion            ||     1
   Stab: Sleeping          ||     2
 Armour: Robe              ||    47
  Dodge: Dodged            ||    34

Levels and vault maps discovered:
D:1:      giann_wishing_wells, layout_basic, hellmonk_ecumenical_altar_blasted

Notes
Turn   | Place    | Note
-------+----------+-------------------------------------------
     0 | D:1      | kae the Demonspawn Enchanter began the quest for the Orb.
     0 | D:1      | Reached XP level 1. HP: 13/13 MP: 3/3
     0 | D:1      | magus.rc [v1.11.3]
    49 | D:1      | HP: 3/13 [goblin/+0 club (3)]
    51 | D:1      | Reached skill level 1 in Short Blades
   240 | D:1      | You feel monstrous as your demonic heritage exerts itself.
   240 | D:1      | Discovered your monstrous ancestry.
   240 | D:1      | Gained mutation: You have a small tail. [demonic ancestry]
   240 | D:1      | Reached XP level 2. HP: 18/19 MP: 5/5
   251 | D:1      | Reached skill level 2 in Dodging
   254 | D:1      | Learned a level 2 spell: Ensorcelled Hibernation
   386 | D:1      | Found a faded altar of an unknown god.
   441 | D:1      | Slain by a gnoll

Vanquished Creatures
  2 bats (D:1)
  2 endoplasms (D:1)
  A giant cockroach (D:1)
  A kobold (D:1)
  4 goblins (D:1)
  2 rats (D:1)
12 creatures vanquished.

Table legend:
 A = Non-vault XP
 B = Vault XP
 C = Vault XP percentage of total XP
 D = Non-vault monster count
 E = Vault monster count
 F = Vault count percentage of total count
                 A         B        C        D         E       F
            +---------+---------+-------+---------+---------+-------
      Total |      21 |       0 |   0.0 |      12 |       0 |   0.0
            +---------+---------+-------+---------+---------+-------
        D:1 |      21 |       0 |   0.0 |      12 |       0 |   0.0
            +---------+---------+-------+---------+---------+-------

Skill      XL: |  1  2 |
---------------+-------+-----
Short Blades   | 1 |  1.3
Dodging        | 2 |  2.0
Stealth        | |  2.8
Spellcasting   | |  2.0
Hexes          | |  3.2

Action                     || total
---------------------------++-------
  Melee: Dagger            ||    53
         Tailslap          ||     1
   Cast: Ensorcelled Hiber ||     4
    Use: Potion            ||     1
   Stab: Sleeping          ||     2
 Armour: Robe              ||    47
  Dodge: Dodged            ||    34

Illustrated notes

Table legend:
 A = Kills in this place as a percentage of kills in the entire game.
 B = Kills by you in this place as a percentage of kills by you in the entire game.
 C = Kills by friends in this place as a percentage of kills by friends in the entire game.
 D = Other kills in this place as a percentage of other kills in the entire game.
 E = Experience gained in this place as a percentage of experience gained in the entire game.
 F = Experience gained in this place divided by the number of levels of this place that you have seen.
                   A       B       C       D       E      F
               +-------+-------+-------+-------+-------+----------------------
         Total | 100.0 | 100.0 |   N/A |   N/A | 100.0 |  21.0
       Dungeon | 100.0 | 100.0 |   N/A |   N/A | 100.0 |  21.0
               +-------+-------+-------+-------+-------+----------------------

Table legend: (Time is in decaauts)
 A = Elapsed time spent in this place.
 B = Non-inter-level travel time spent in this place.
 C = Inter-level travel time spent in this place.
 D = Time resting spent in this place.
 E = Time spent auto-exploring this place.
 F = Levels seen in this place.
 G = Mean time per level.
                   A        B        C        D        E       F      G
               +--------+--------+--------+--------+--------+-----+--------+
         Total |    438 |    430 |      8 |     55 |    230 |   1 |  438.0 |
       Dungeon |    438 |    430 |      8 |     55 |    230 |   1 |  438.0 |
               +--------+--------+--------+--------+--------+-----+--------+

Top non-repeatable levels by time:
     D:1: 438 daAuts
